 Dungeon Crawl Stone Soup version 0.17.1-2-g5865329 (webtiles) character file.

4020 PossumBlood the Thaumaturge (level 10, -4/50 HPs)
             Began as a Deep Elf Wizard on Jan 22, 2016.
             Was a Follower of Sif Muna.
             Slain by Grum
             ... wielding a -2 glaive
              (14 damage)
             ... on level 9 of the Dungeon.
             The game lasted 00:58:17 (11284 turns).

PossumBlood the Thaumaturge (Deep Elf Wizard)      Turns: 11284, Time: 00:58:17

Health: -4/50      AC: 10    Str:  4    XL:     10   Next: 3%
Magic:  6/29       EV: 12    Int: 27    God:    Sif Muna [*.....]
Gold:   512        SH:  0    Dex: 12    Spells: 8 memorised, 15 levels left

rFire  . . .     SeeInvis +     v - staff of poison
rCold  . . .     Clarity  .     d - +1 robe {rN+}
rNeg   + . .     SustAt   .     (no shield)
rPois  +         Gourm    .     b - +0 hat
rElec  .         Spirit   .     (no cloak)
rCorr  .         Warding  .     j - +2 pair of gloves
rMut   .         Stasis   .     (no boots)
MR     +....                    (no amulet)
Stlth  ++........               A - ring of flight
                                D - ring of see invisible

@: somewhat resistant to hostile enchantments, unstealthy
A: rough black scales 1
a: Channel Energy, Renounce Religion, Evoke Flight


You were on level 9 of the Dungeon.
You worshipped Sif Muna.
Sif Muna was aware of your devotion.
You were not hungry.

You visited 2 branches of the dungeon, and saw 10 of its levels.

You collected 512 gold pieces.

Inventory:

Hand Weapons
 m - a +0 whip of holy wrath
 n - a +0 quarterstaff
 y - the +6 dagger of the Sage {vamp, Dex+2}
   (You found it on level 5 of the Dungeon)

   It inflicts no extra harm, but heals its wielder somewhat when it strikes a
   living foe.
   It affects your dexterity (+2).
Armour
 a - a +0 robe
 b - a +0 hat (worn)
 d - a +1 robe of positive energy (worn)
 j - a +2 pair of gloves (worn)
Magical Staves
 v - an uncursed staff of poison (weapon)
Jewellery
 t - an uncursed ring of stealth
 A - a ring of flight (right hand)
 D - a ring of see invisible (left hand)
 J - an uncursed ring of stealth
Wands
 i - a wand of fireball (8)
 E - a wand of frost (20)
 H - a wand of polymorph (13)
 I - a wand of flame (24)
Scrolls
 f - 3 scrolls of fog
 g - a scroll of remove curse
 l - 3 scrolls of magic mapping
 q - a scroll of recharging
 r - a scroll of enchant armour
 w - 7 scrolls of identify
 B - 2 scrolls of fear
Potions
 e - 2 potions of haste
 h - 2 potions of lignification
 k - 3 potions of curing
 o - a potion of ambrosia
 p - a potion of heal wounds
 u - a potion of flight
 x - a potion of poison {unknown}
 z - 2 potions of agility {unknown}
 F - 2 potions of magic
Books
 c - a book of Minor Magic

   Spells                             Type                      Level
   a - Magic Dart                     Conjuration                  1
   b - Blink                          Translocation                2
   c - Call Imp                       Summoning                    2
   d - Repel Missiles                 Charms/Air                   2
   e - Slow                           Hexes                        2
   f - Conjure Flame                  Conjuration/Fire             3
   g - Mephitic Cloud                 Conjuration/Poison/Air       3
 s - a book of Party Tricks

   Spells                             Type                      Level
   a - Summon Butterflies             Summoning                    1
   b - Apportation                    Translocation                1
   c - Tukima's Dance                 Hexes                        3
   d - Alistair's Intoxication        Transmutation/Poison         4
   e - Invisibility                   Hexes                        6
Comestibles
 C - a bread ration
 G - a meat ration


   Skills:
 - Level 2.4 Dodging
 - Level 2.4 Stealth
 + Level 13.4 Spellcasting
 + Level 11.1 Conjurations
   Level 1.1 Summonings
 - Level 1.1 Translocations


You had 15 spell levels left.
You knew the following spells:

 Your Spells              Type           Power        Failure   Level  Hunger
a - Magic Dart            Conj           ####         1%          1    None
b - Blink                 Tloc           N/A          3%          2    None
c - Repel Missiles        Chrm/Air       ###...       6%          2    None
d - Slow                  Hex            ###.....     6%          2    None
e - Conjure Flame         Conj/Fire      #####...     1%          3    None
f - Mephitic Cloud        Conj/Pois/Air  ######..     1%          3    None
g - Apportation           Tloc           ###.......   1%          1    None
h - Invisibility          Hex            ###.....     100%        6    ####...


Dungeon Overview and Level Annotations

Branches:
Dungeon (9/15)             Temple (1/1) D:7
   Lair: D:8-11         Orc: D:9-12

Altars:
Ashenzari
Cheibriados
Dithmenos
Elyvilon
Fedhas
Gozag
Kikubaaqudgha
Makhleb
Nemelex Xobeh
Okawaru
Qazlal
Ru
Sif Muna
Vehumet
Xom
Yredelemnul
Zin
The Shining One

Annotations:
D:9 Grum


Innate Abilities, Weirdness & Mutations

You are partially covered in rough black scales (AC +4, Dex -1).


Message History

Aiming: Conjure Flame
Press: ? - help, Dir - move target cursor, p - Grum The fire roars!
Grum barely misses you.
Casting: Conjure Flame
Confirm with . or Enter, or press ? or * to list all spells.
Aiming: Magic Dart
Press: ? - help, Shift-Dir - straight line, f - Grum
Aim: Grum, wielding a glaive and wearing an animal skin (severely wounded)
The magic dart hits Grum.
Grum is severely wounded.
Grum closely misses you.
Casting: Magic Dart
Confirm with . or Enter, or press ? or * to list all spells.
Aiming: Magic Dart
Press: ? - help, Shift-Dir - straight line, f/p - Grum
Aim: Grum, wielding a glaive and wearing an animal skin (severely wounded)
The magic dart hits Grum.
Grum is almost dead.
Grum hits you from afar with a glaive!
You die...

#.# #.#
...... #.#
#.# ......
#.###.#
......
#.....##
######
#......#
#......#
#......#
#..###.#
#.....@####
#.....§§h.#
#...###g..#
#.........#
#.........#
#.........#
#.........#
#.........#
#.........#


You could see Grum and a wolf.

Vanquished Creatures
  Pikel (D:6)
  A deep elf priest (D:7)
  2 orc warriors
  2 hungry ghosts
  A wolf (D:9)
  Edmund (D:6)
  2 ice beasts (D:5)
  3 phantoms
  A necrophage (D:8)
  2 slaves (D:6)
  A wasp (D:8)
  2 ogres
  2 centaurs
  Blork the orc (D:6)
  3 giant frogs
  2 scorpions
  A wyvern skeleton (D:6)
  2 crimson imps
  3 giant frog skeletons
  2 jellies (D:5)
  A gnoll shaman (D:5)
  4 hounds
  An iron imp (D:7)
  4 orc priests
  8 orc wizards
  2 centaur skeletons
  2 iguanas
  2 worker ants
  A worker ant zombie (D:5)
  5 adders
  17 gnolls
  2 shadow imps (D:8)
  2 oozes
  An adder skeleton (D:6)
  2 worms
  6 giant geckos
  38 orcs
  A ball python (D:5)
  2 bats
  5 giant cockroaches
  15 hobgoblins
  12 jackals
  4 kobolds
  2 quokkas
  5 giant newts
  3 goblins
  9 rats
191 creatures vanquished.

Vanquished Creatures (others)
  2 slaves (D:6)
  A giant frog (D:6)
  An orc (D:6)
4 creatures vanquished.

Grand Total: 195 creatures vanquished

Notes
Turn   | Place    | Note
--------------------------------------------------------------
     0 | D:1      | PossumBlood the Deep Elf Wizard began the quest for the Orb.
     0 | D:1      | Reached XP level 1. HP: 10/10 MP: 7/7
   289 | D:1      | Reached XP level 2. HP: 15/15 MP: 5/9
   293 | D:1      | Learned a level 2 spell: Blink
   296 | D:1      | Learned a level 2 spell: Repel Missiles
   299 | D:1      | Learned a level 2 spell: Slow
   813 | D:1      | Reached skill level 5 in Spellcasting
  1216 | D:1      | Reached XP level 3. HP: 19/19 MP: 5/11
  1604 | D:2      | Learned a level 3 spell: Conjure Flame
  1818 | D:2      | Reached XP level 4. HP: 17/24 MP: 2/13
  2058 | D:2      | Reached skill level 6 in Spellcasting
  2299 | D:3      | Learned a level 3 spell: Mephitic Cloud
  2571 | D:3      | Found a sparkling altar of Nemelex Xobeh.
  2577 | D:3      | Reached XP level 5. HP: 28/28 MP: 9/15
  2698 | D:3      | Learned a level 1 spell: Apportation
  3219 | D:3      | Reached skill level 7 in Spellcasting
  3473 | D:3      | Found a faded altar to an unknown god.
  3539 | D:3      | Gained mutation: You are partially covered in rough black scales (AC +4, Dex -1). [potion of beneficial mutation]
  3597 | D:4      | Found a shimmering altar of Xom.
  3721 | D:4      | Reached XP level 6. HP: 16/32 MP: 13/18
  4092 | D:4      | Noticed an ogre
  4107 | D:4      | Killed an ogre
  4107 | D:4      | Reached skill level 5 in Conjurations
  4203 | D:4      | Learned a level 6 spell: Invisibility
  4207 | D:4      | Noticed a phantom
  4221 | D:4      | Killed a phantom
  4221 | D:4      | Reached skill level 8 in Spellcasting
  4221 | D:4      | Reached XP level 7. HP: 36/36 MP: 6/20
  4414 | D:4      | Noticed a phantom
  4429 | D:4      | Killed a phantom
  4717 | D:4      | Noticed a hungry ghost
  4729 | D:4      | Killed a hungry ghost
  4729 | D:4      | Reached skill level 9 in Spellcasting
  4788 | D:4      | Found a sacrificial altar of Ru.
  4788 | D:4      | Found a glowing golden altar of the Shining One.
  4970 | D:5      | Entered Level 5 of the Dungeon
  5253 | D:5      | Reached XP level 8. HP: 41/41 MP: 7/23
  5343 | D:5      | Found a shadowy altar of Dithmenos.
  5519 | D:5      | Reached skill level 10 in Spellcasting
  5939 | D:5      | Found a blossoming altar of Fedhas.
  6128 | D:5      | Got a shimmering dagger
  6132 | D:5      | Identified the +6 dagger of the Sage {vamp, Dex+2} (You found it on level 5 of the Dungeon)
  6766 | D:6      | Noticed Pikel
  6958 | D:6      | Killed Pikel
  6958 | D:6      | Reached skill level 11 in Spellcasting
  6958 | D:6      | Reached XP level 9. HP: 34/45 MP: 0/26
  7334 | D:6      | Noticed Edmund
  7399 | D:6      | Killed Edmund
  7837 | D:6      | Reached skill level 12 in Spellcasting
  7844 | D:6      | Noticed Blork the orc
  7854 | D:6      | Killed Blork the orc
  8687 | D:7      | Reached skill level 10 in Conjurations
  8751 | D:7      | Found a sacrificial altar of Ru.
  9097 | D:7      | Found a snail-covered altar of Cheibriados.
  9385 | D:7      | Found a staircase to the Ecumenical Temple.
  9397 | Temple   | Entered the Ecumenical Temple
  9515 | Temple   | Became a worshipper of Sif Muna the Loreminder
  9627 | D:7      | Found an iron altar of Okawaru.
  9984 | D:8      | Reached skill level 13 in Spellcasting
 10237 | D:8      | HP: 1/45 [orc priest/nerve-wracking pain (10)]
 10716 | D:8      | Found a shadowy altar of Dithmenos.
 10719 | D:8      | Found a shattered altar of Ashenzari.
 10722 | D:8      | Found a radiant altar of Vehumet.
 10811 | D:8      | Found a white marble altar of Elyvilon.
 11010 | D:8      | Found a basalt altar of Yredelemnul.
 11078 | D:9      | Reached * piety under Sif Muna
 11082 | D:9      | Reached XP level 10. HP: 40/50 MP: 11/29
 11200 | D:9      | Found a glowing silver altar of Zin.
 11260 | D:9      | Noticed Grum
 11284 | D:9      | Slain by Grum

Action                   |  1- 3 |  4- 6 |  7- 9 | 10-12 || total
-------------------------+-------+-------+-------+-------++-------
Melee: Quarterstaff      |       |    15 |       |       ||    15
       Staff             |       |       |    44 |       ||    44
 Cast: Magic Dart        |    93 |   141 |   595 |    30 ||   859
       Repel Missiles    |     1 |       |       |       ||     1
       Conjure Flame     |     2 |     9 |    31 |     3 ||    45
       Blink             |       |       |     7 |       ||     7
  Use: Scroll            |     7 |     7 |     5 |       ||    19
       Potion            |       |     1 |     3 |       ||     4
 Stab: Distracted        |       |       |     1 |       ||     1
  Eat: Bread ration      |     1 |     1 |     2 |       ||     4
       Royal jelly       |       |     1 |       |       ||     1
       Beef jerky        |       |       |     2 |       ||     2
       Meat ration       |       |       |     1 |       ||     1
       Chunk             |       |       |     6 |       ||     6
       Fruit             |       |       |     4 |       ||     4
